 Dungeon Crawl Stone Soup version 0.21.1-1-g345015f (webtiles) character file.

5530 nicolaieve the Cleaver (level 10, -6/90 HPs)
             Began as a Minotaur Berserker on July 3, 2018.
             Was an Elder of Trog.
             Shot with an arrow by a centaur (9 damage)
             ... on level 8 of the Dungeon.
             The game lasted 00:30:16 (5365 turns).

nicolaieve the Cleaver (Minotaur Berserker)         Turns: 5365, Time: 00:30:17

Health: -6/90      AC: 10    Str: 25    XL:     10   Next: 43%
Magic:  9/9        EV: 11    Int:  6    God:    Trog [****..]
Gold:   512        SH:  0    Dex: 10    Spells: 9/9 levels left

rFire    + . .     SeeInvis .   i - +2 war axe (curse)
rCold    . . .     Gourm    .   (no shield)
rNeg     . . .     Faith    .   j - +0 ring mail {rF+}
rPois    .         Spirit   .   (helmet restricted)
rElec    .         Reflect  .   v - +1 cloak
rCorr    .         Harm     .   (no gloves)
MR       +++..                  w - +0 pair of boots
Stlth    ..........             (no amulet)
HPRegen  1.25/turn              y - ring of protection from magic
MPRegen  0.11/turn              B - +2 ring of intelligence

@: berserk cooldown, regenerating, slowed, drained, invisible, very slow
A: retaliatory headbutt, horns 2
a: Berserk, Trog's Hand, Brothers in Arms, Burn Spellbooks, Renounce Religion


You were on level 8 of the Dungeon.
You worshipped Trog.
Trog was greatly pleased with you.
You were near starving.

You visited 1 branch of the dungeon, and saw 8 of its levels.

You collected 512 gold pieces.

Inventory:

Hand Weapons
 f - a +0 war axe
 i - a cursed +2 war axe (weapon)
 m - a +0 whip of pain
 n - a +5 hand axe
Armour
 j - a +0 ring mail of fire resistance (worn)
 v - a +1 cloak (worn)
 w - a +0 pair of boots (worn)
 C - a +0 chain mail
Jewellery
 y - a ring of protection from magic (left hand)
 B - a +2 ring of intelligence (right hand)
Wands
 h - a wand of paralysis (13)
 u - a wand of disintegration (20)
Scrolls
 e - a scroll of magic mapping
 z - a scroll of enchant armour
Potions
 a - a potion of ambrosia
 b - a potion of heal wounds {unknown}
 d - a potion of lignification
 g - 3 potions of flight
 k - a potion of haste
 l - 2 potions of mutation
 p - a potion of agility {unknown}
 q - a potion of curing
 r - 3 potions of degeneration {unknown}
 t - 3 potions of invisibility
Comestibles
 c - 5 rations


   Skills:
 + Level 8.8(8.5) Fighting
 * Level 14.5(14.2) Axes
 + Level 8.5(8.3) Armour
 - Level 2.1(1.9) Dodging


You had 9 spell levels left.
You didn't know any spells.

Dungeon Overview and Level Annotations

Branches:
Dungeon (8/15)             Temple (0/1) D:4
   Lair: D:8-11

Altars:
Ashenzari
Gozag
Nemelex Xobeh
Qazlal
Sif Muna
Trog
Uskayaw
Wu Jian

Shops:
D:8 =


Innate Abilities, Weirdness & Mutations

You reflexively headbutt those who attack you in melee.
You have a pair of horns on your head.


Message History

* * * LOW HITPOINT WARNING * * *
Your two-headed ogre hits the killer bee with a giant spiked club!!!
The killer bee dies!
Trog accepts your kill. The killer bee closely misses you.
The wight misses you. You furiously retaliate!
You headbutt the wight, but do no damage.
The killer bee stings you but does no damage.
The leopard gecko closely misses you.
The killer bee stings you but does no damage.
You feel better.
Your surroundings suddenly seem different.
A centaur comes into view.
The centaur shouts!
You hear two shouts!
The centaur wields a shortbow.
The centaur shoots an arrow.
The arrow hits you!
* * * LOW HITPOINT WARNING * * *
Found an arrow.
You fade into invisibility!
The centaur shoots an arrow.
The arrow hits you!
You die...

#........ #.......# .
##.....c.# .. .........#
... .........# ....
.........#.....
........................
.......@................
....##....#.............
# #....# # #.......
.....# #....... ##.....
. +.......
#........###.......
#...................
#.........#.......##
#........##.......##


You could see a centaur.

Vanquished Creatures
  A two-headed ogre (D:6)
  An unseen horror (D:8)
  Grinder (D:5)
  Sigmund (D:2)
  Eustachio (D:6)
  A hungry ghost (D:8)
  Edmund (D:6)
  Duvessa (D:6)
  An ice beast (D:7)
  2 sky beasts
  2 phantoms
  2 wolves (D:8)
  5 ogres
  3 bullfrogs
  A wyvern zombie (D:7)
  A water moccasin zombie (D:6)
  Dowan (D:6)
  4 scorpions
  3 killer bees (D:8)
  15 wights
  A howler monkey (D:4)
  3 crimson imps
  A jelly (D:5)
  3 hounds
  7 orc wizards
  Crazy Yiuf (D:2)
  2 orc priests
  5 iguanas
  10 worker ants
  A killer bee zombie (D:5)
  8 adders
  4 gnolls (D:7)
  2 howler monkey skeletons
  A shadow imp (D:7)
  An adder skeleton (D:4)
  A worm (D:4)
  5 dart slugs
  5 leopard geckos
  10 orcs
  2 bats
  3 giant cockroaches
  5 goblins
  8 hobgoblins
  7 jackals (D:5)
  9 kobolds
  4 quokkas
  A ball python (D:4)
  6 frilled lizards
  A quokka zombie (D:6)
  4 rats
  3 fungi (D:2)
172 creatures vanquished.

Vanquished Creatures (collateral kills)
  A killer bee (D:8)
1 creature vanquished.

Grand Total: 173 creatures vanquished

Notes
Turn   | Place    | Note
-------+----------+-------------------------------------------
     0 | D:1      | nicolaieve the Minotaur Berserker began the quest for the Orb.
     0 | D:1      | Reached XP level 1. HP: 19/19 MP: 0/0
   219 | D:1      | Reached skill level 4 in Axes
   247 | D:1      | Reached XP level 2. HP: 27/27 MP: 1/1
   894 | D:2      | Noticed a wight
   895 | D:2      | Noticed a wight
   895 | D:2      | Noticed a wight
   895 | D:2      | Noticed a wight
   895 | D:2      | Noticed a wight
   898 | D:2      | Killed a wight
   898 | D:2      | Reached skill level 5 in Axes
   898 | D:2      | Reached XP level 3. HP: 24/33 MP: 2/2
   901 | D:2      | Reached XP level 4. HP: 41/41 MP: 3/3
   902 | D:2      | Reached skill level 6 in Axes
   902 | D:2      | Reached XP level 5. HP: 47/47 MP: 4/4
  1035 | D:2      | Reached ** piety under Trog
  1051 | D:2      | Reached skill level 7 in Axes
  1151 | D:2      | Noticed Sigmund
  1160 | D:2      | Killed Sigmund
  1160 | D:2      | Reached skill level 5 in Fighting
  1160 | D:2      | Reached XP level 6. HP: 56/56 MP: 5/5
  1204 | D:2      | Found a shattered altar of Ashenzari.
  1446 | D:2      | Found a runed door.
  1450 | D:2      | Noticed Crazy Yiuf
  1454 | D:2      | Killed Crazy Yiuf
  1454 | D:2      | Reached skill level 8 in Axes
  1602 | D:3      | Found an ornate altar of the Wu Jian Council.
  1728 | D:3      | Found a faded altar of an unknown god.
  1781 | D:3      | Found a bloodstained altar of Trog.
  2041 | D:3      | Found a stormy altar of Qazlal.
  2386 | D:4      | Reached XP level 7. HP: 61/61 MP: 6/6
  2405 | D:4      | Found a staircase to the Ecumenical Temple.
  2569 | D:4      | Reached skill level 9 in Axes
  2724 | D:4      | Found a sparkling altar of Nemelex Xobeh.
  2908 | D:4      | Reached *** piety under Trog
  2928 | D:4      | Found a hide-covered altar of Uskayaw.
  3077 | D:4      | Reached skill level 10 in Axes
  3077 | D:4      | Reached XP level 8. HP: 42/70 MP: 7/7
  3225 | D:5      | Entered Level 5 of the Dungeon
  3317 | D:5      | Reached skill level 5 in Armour
  3591 | D:5      | Noticed Grinder
  3594 | D:5      | Paralysed by Grinder for 5 turns
  3609 | D:5      | Killed Grinder
  3609 | D:5      | Reached skill level 11 in Axes
  3693 | D:6      | Found an opulent altar of Gozag.
  3757 | D:6      | Noticed Eustachio
  3792 | D:6      | Killed Eustachio
  3870 | D:6      | Reached XP level 9. HP: 41/78 MP: 8/8
  3982 | D:6      | Noticed a two-headed ogre
  3987 | D:6      | Reached skill level 12 in Axes
  3992 | D:6      | Killed a two-headed ogre
  4215 | D:6      | Noticed Duvessa
  4216 | D:6      | Noticed Dowan
  4219 | D:6      | Killed Dowan
  4223 | D:6      | Killed Duvessa
  4256 | D:6      | Reached skill level 13 in Axes
  4261 | D:6      | Reached **** piety under Trog
  4294 | D:6      | Noticed Edmund
  4300 | D:6      | Killed Edmund
  4730 | D:7      | Found a deep blue altar of Sif Muna.
  4822 | D:7      | Found a deep blue altar of Sif Muna.
  4916 | D:7      | Reached XP level 10. HP: 88/88 MP: 9/9
  5242 | D:8      | Killed an unseen horror
  5242 | D:8      | Reached skill level 14 in Axes
  5275 | D:8      | Found Cigod's Jewellery Emporium.
  5362 | D:8      | HP: 4/90 [leopard gecko (2)]
  5365 | D:8      | Shot with an arrow by a centaur

Skill      XL: |  1  2  3  4  5  6  7  8  9 10 |
---------------+-------------------------------+-----
Axes           | 4 5 6 7 8 10 11 13 14 | 14.5
Fighting       | 4 5 6 8 |  8.8
Armour         | 3 4 6 7 8 |  8.5
Dodging        | |  2.1

Action                   |  1- 3 |  4- 6 |  7- 9 | 10-12 || total
-------------------------+-------+-------+-------+-------++-------
Melee: Hand axe          |    37 |    66 |   309 |    12 ||   424
       Headbutt          |     3 |    18 |    65 |    10 ||    96
       War axe           |       |       |       |    39 ||    39
Invok: Berserk           |     2 |     1 |    12 |     3 ||    18
       Trog's Hand       |       |       |     2 |     1 ||     3
       Burn Spellbooks   |       |       |       |     1 ||     1
       Brothers in Arms  |       |       |       |     1 ||     1
  Use: Scroll            |       |     6 |    10 |     1 ||    17
       Potion            |       |       |       |     2 ||     2
  Eat: Chunk             |       |     6 |    18 |     1 ||    25
       Ration            |       |     1 |       |     1 ||     2
Armor: Animal skin       |     2 |       |       |       ||     2
       Ring mail         |     6 |    16 |   140 |    41 ||   203
Dodge: Dodged            |    36 |    25 |   149 |    45 ||   255
